AoeStats
← acetiner

Arena

510405392Analyzed
4v4 RM · 1d ago on Sep 30, 2026· 88m 55s· 8 players
Game mode
Random Map
Map size
Large (8 player)
Population
200
Speed
Normal
Resources
Standard
Victory
Conquest
Starting age
Dark Age
Ending age
Imperial Age
RankedLock teamsTeams togetherTeam positionsShared explorationLock speedFull tech treeHidden civsTurbo modeCheats
Victory
Defeat
🇺🇸 Teutons · United States
631
+16
🇬🇧 Varangians · United Kingdom
625
+16
🇩🇪 Britons · Germany
588
+18
🇪🇸 Spanish · Spain
548
+19
🇹🇷 Huns · Türkiye
690
-19
🇦🇷 Poles · Argentina
684
-20
🇦🇷 Bohemians · Argentina
648
-18
🇨🇱 Khmer · Chile
496
-12
KaosxD
13:15 Feudal Age
15:52 Wheelbarrow
15:46 Double-Bit Axe
24:22 Castle Age
22:26 Horse Collar
24:20 Padded Archer Armor
24:11 Fletching
25:08 Heavy Plow
29:46 Caravan
30:46 Bow Saw
37:31 Imperial Age
37:39 Bodkin Arrow
38:00 Leather Archer Armor
37:51 Scale Barding Armor
39:03 Husbandry
39:14 Bloodlines
41:31 Chemistry
40:52 Ballistics
40:35 Elite Conquistador
43:03 Thumb Ring
43:48 Forging
51:52 Heavy Mounted Crossbowman
53:37 Iron Casting
55:17 Ring Archer Armor
58:27 Conscription
63:34 Bracer
63:55 Chain Barding Armor
64:36 Blast Furnace
70:52 Plate Barding Armor
jsx_001
5:21 Loom
12:48 Feudal Age
13:11 Man-at-Arms
14:21 Arson
16:13 Double-Bit Axe
16:44 Scale Mail Armor
19:53 Town Watch
21:34 Forging
24:41 Castle Age
24:31 Fletching
24:40 Gold Mining
25:24 Squires
25:53 Bow Saw
26:22 Elite Skirmisher
27:50 Gambesons
28:58 Pikeman
32:57 Bodkin Arrow
34:53 Padded Archer Armor
37:41 Wheelbarrow
38:06 Ballistics
40:59 Imperial Age
40:15 Leather Archer Armor
40:47 Chain Mail Armor
42:03 Elite Varangian Guard
43:38 Bracer
44:10 Plate Mail Armor
48:53 Halberdier
51:54 Capped Ram
54:00 Ring Archer Armor
58:19 Hand Cart
58:44 Iron Casting
70:06 Onager
85:34 Siege Ram
Looting
0:53 Loom
12:01 Feudal Age
13:42 Feudal Age
20:10 Castle Age
18:49 Forging
19:32 Scale Barding Armor
20:12 Stone Mining
25:33 Chain Barding Armor
27:03 Fletching
27:56 Gold Mining
33:08 Imperial Age
31:34 Scale Mail Armor
32:38 Iron Casting
33:14 Cavalier
35:18 Conscription
35:49 Wheelbarrow
35:03 Double-Bit Axe
39:53 Paladin
40:49 Arson
41:42 Plate Barding Armor
41:14 Stone Mining
42:04 Squires
42:18 Bloodlines
42:14 Horse Collar
45:26 Blast Furnace
44:06 Pikeman
46:24 Fortified Wall
48:22 Chemistry
48:50 Chain Mail Armor
48:47 Town Watch
51:08 Bombard Tower
63:31 Padded Archer Armor
65:06 Bodkin Arrow
66:26 Heavy Plow
75:13 Ballistics
75:05 Masonry
77:18 Hoardings
78:19 Caravan
78:25 Capped Ram
78:44 Elite Teutonic Knight
83:02 Heavy Scorpion
84:49 Crenellations
85:32 Onager
88:09 Leather Archer Armor
Heistergand
0:26 Loom
0:36 Loom
11:54 Feudal Age
17:31 Castle Age
16:26 Horse Collar
16:53 Double-Bit Axe
17:50 Forging
18:52 Heavy Plow
19:11 Bow Saw
19:38 Treadmill Crane
20:18 Fervor
20:19 Scale Barding Armor
21:20 Sanctity
21:15 Scale Mail Armor
21:18 Gold Mining
21:19 Stone Mining
21:39 Town Watch
22:38 Scale Mail Armor
23:18 Squires
24:32 Wheelbarrow
27:07 Iron Casting
27:23 Chain Mail Armor
27:28 Masonry
28:19 Fletching
29:45 Gold Shaft Mining
29:13 Padded Archer Armor
29:12 Arson
30:17 Light Cavalry
31:46 Pikeman
36:10 Imperial Age
34:13 Bodkin Arrow
35:50 Hand Cart
35:36 Town Patrol
35:56 Leather Archer Armor
35:09 Elite Skirmisher
37:05 Halberdier
37:52 Crossbowman
38:56 Conscription
39:13 Hoardings
38:59 Yeomen
39:19 Elite Longbowman
40:02 Warwolf
40:31 Capped Ram
43:21 Blast Furnace
42:22 Bracer
42:47 Caravan
42:52 Husbandry
43:32 Architecture
43:25 Ballistics
47:36 Plate Mail Armor
51:17 Two-Man Saw
52:14 Ring Archer Armor
52:05 Chain Barding Armor
53:11 Arbalester
54:59 Chemistry
54:14 Murder Holes
57:05 Plate Barding Armor
56:39 Siege Engineers
ZURITA3570
0:37 Loom
10:36 Feudal Age
11:56 Double-Bit Axe
20:42 Castle Age
20:35 Forging
22:05 Iron Casting
21:30 Padded Archer Armor
21:21 Fletching
26:01 Leather Archer Armor
26:02 Bow Saw
28:07 Bodkin Arrow
31:36 Pikeman
32:16 Squires
32:02 Arson
32:20 Scale Mail Armor
37:40 Scale Barding Armor
37:36 Elite Skirmisher
37:51 Man-at-Arms
43:25 Imperial Age
42:46 Chain Mail Armor
42:52 Chain Barding Armor
42:50 Caravan
42:40 Long Swordsman
44:12 Two-Handed Swordsman
44:44 Elite Hussite Wagon
47:01 Blast Furnace
47:14 Wheelbarrow
48:03 Chemistry
48:22 Hussite Reforms
48:37 Champion
50:43 Murder Holes
51:09 Ballistics
50:35 Arrowslits
55:49 Wagenburg Tactics
64:05 Plate Mail Armor
64:44 Hand Cart
66:55 Blast Furnace
66:23 Masonry
70:56 Siege Engineers
71:21 Architecture
71:32 Bracer
77:36 Husbandry
bigjoeAR
10:57 Feudal Age
11:48 Double-Bit Axe
12:34 Horse Collar
21:10 Castle Age
22:27 Pikeman
23:08 Squires
23:54 Wheelbarrow
25:30 Bloodlines
25:20 Husbandry
28:30 Gold Mining
33:08 Heavy Plow
33:16 Scale Barding Armor
33:21 Forging
33:04 Fletching
33:15 Padded Archer Armor
35:49 Szlachta Privileges
36:28 Stone Mining
42:59 Imperial Age
40:47 Hand Cart
40:47 Bow Saw
43:22 Stone Shaft Mining
43:25 Scale Mail Armor
46:21 Cavalier
48:28 Elite Obuch
50:11 Elite Obuch
52:24 Onager
59:17 Conscription
82:15 Chemistry
81:39 Ballistics
81:26 Siege Engineers
Aldo5978
0:56 Loom
11:08 Feudal Age
13:04 Wheelbarrow
12:12 Horse Collar
13:03 Double-Bit Axe
18:57 Gold Mining
18:59 Stone Mining
25:36 Castle Age
27:17 Gold Shaft Mining
27:18 Stone Shaft Mining
33:51 Imperial Age
32:49 Caravan
35:31 Coinage
35:05 Arson
35:47 Pikeman
36:59 Heavy Plow
38:05 Halberdier
acetiner
0:31 Loom
13:00 Feudal Age
19:18 Stone Mining
19:10 Horse Collar
19:20 Double-Bit Axe
19:32 Gold Mining
25:11 Castle Age
28:18 Bloodlines
28:09 Husbandry
28:26 Forging
28:22 Scale Barding Armor
28:08 Fletching
28:19 Scale Mail Armor
31:18 Wheelbarrow
31:05 Bodkin Arrow
31:46 Iron Casting
31:31 Chain Barding Armor
31:27 Chain Mail Armor
32:35 Hand Cart
34:38 Marauders
37:55 Gold Shaft Mining
37:23 Heavy Plow
37:38 Bow Saw
37:31 Padded Archer Armor
40:15 Imperial Age
38:21 Masonry
38:06 Murder Holes
40:19 Elite Tarkan
41:20 Conscription
41:20 Atheism
40:31 Sappers
42:07 Blast Furnace
41:43 Plate Barding Armor
41:09 Bracer
41:33 Ballistics
43:30 Two-Man Saw
43:11 Guilds
50:53 Man-at-Arms
51:33 Squires
50:54 Pikeman
51:20 Arson
51:24 Long Swordsman
52:23 Two-Handed Swordsman
54:42 Halberdier
Connection lost

Rejoining the realm…

Still unreachable

The connection could not be restored.

Session expired

The server has moved on; the page needs a fresh start.